 Dungeon Crawl Stone Soup version 0.22-a0-3-g4fa69d9 (webtiles) character file.

111 theanonym the Sneak (level 4, -4/23 HPs)
             Began as a Spriggan Abyssal Knight on Jan 1, 2018.
             Was a Follower of Lugonu.
             Slain by a worker ant (5 damage)
             ... on level 3 of the Dungeon.
             The game lasted 00:08:47 (5271 turns).

theanonym the Sneak (Spriggan Abyssal Knight)       Turns: 5271, Time: 00:08:47

Health: -4/23      AC:  3    Str:  9    XL:     4   Next: 62%
Magic:  6/6        EV: 18    Int: 13    God:    Lugonu [*.....]
Gold:   116        SH:  0    Dex: 15    Spells: 3/3 levels left

rFire    + . .     SeeInvis +   f - -1 dagger (curse)
rCold    + . .     Gourm    .   (shield restricted)
rNeg     . . .     Faith    .   b - +1 robe {0}
rPois    +         Spirit   .   (helmet restricted)
rElec    +         Reflect  .   (no cloak)
rCorr    +         Harm     .   (gloves unavailable)
MR       .....                  (boots unavailable)
Stlth    +++.......             (no amulet)
HPRegen  0.07/turn              (no ring)
MPRegen  0.10/turn              (no ring)

@: lethally poisoned (-4 -> -21), resistant, flying, very quick
A: very small, unfitting armour, see invisible, herbivore, speed 3, slow
metabolism 2
a: Depart the Abyss, Renounce Religion


Innate Abilities, Weirdness & Mutations

You are very small and have problems with some larger weapons.
You are too small for most types of armour.
You have supernaturally acute eyesight. (SInv)
You are a herbivore.
You cover ground extremely quickly.
You need consume almost no food.


   Skills:
 - Level 2.4 Fighting
 + Level 4.1 Short Blades
 - Level 3.5 Dodging
 + Level 4.8 Stealth
 - Level 1.7 Invocations


You had 3 spell levels left.
You didn't know any spells.

Skill      XL: |  1  2  3 |
---------------+----------+-----
Stealth        | 1 3 4 |  4.8
Short Blades   | 3 4 |  4.1
Fighting       | |  2.4
Dodging        | |  3.5
Invocations    | |  1.7

Action                   |  1- 3 |  4- 6 || total
-------------------------+-------+-------++-------
Melee: Short sword       |    42 |       ||    42
       Dagger            |   270 |   120 ||   390
  Use: Scroll            |     4 |     1 ||     5
       Potion            |       |     2 ||     2
 Stab: Sleeping          |     8 |     1 ||     9
       Distracted        |       |     1 ||     1
  Eat: Ration            |     1 |     1 ||     2
Armor: Robe              |    34 |     6 ||    40
Dodge: Dodged            |   219 |    77 ||   296

Inventory:

Hand Weapons
 a - a +1 short sword
 f - a cursed -1 dagger (weapon)
   (You took it off a goblin on level 1 of the Dungeon)
Armour
 b - a +1 robe (worn) {0}
Scrolls
 d - a scroll of enchant armour
 t - a scroll of teleportation {!r}
Potions
 i - a potion of curing {unknown}
 j - a potion of degeneration {unknown}
 k - a potion of cancellation {unknown}
 q - 2 potions of heal wounds
Comestibles
 e - 5 rations


You were on level 3 of the Dungeon.
You worshipped Lugonu.
Lugonu was aware of your devotion.
You were not hungry.

You visited 1 branch of the dungeon, and saw 3 of its levels.
You visited the Abyss 1 time.

You collected 116 gold pieces.

Dungeon Overview and Level Annotations

Branches:
Dungeon (3/15)

Altars:
Fedhas
Gozag
Vehumet

# ...... .##..#...... #.
...... #.....##.#### . ..#.#
##.........# # #.#####.#.#
......#.#..# # #.###.#.......#
#....._...###
#.............####....#.#.....
#.....#.........#.##(###
#.#.##.$#.#####........# #
#.......a@$.....###(####
###......(######......####
#.#####.# #..........
#.$.....# #..#>#.#..#
######### #..#.†.....
#..##.....# #... ..#..# ##.#
###... #.. ##


You could see a worker ant.

Notes
Turn   | Place    | Note
-------+----------+-------------------------------------------
     0 | Abyss:1  | theanonym the Spriggan Abyssal Knight began the quest for the Orb.
     0 | Abyss:1  | Reached XP level 1. HP: 11/11 MP: 3/3
     1 | Abyss:1  | Found a corrupted altar of Lugonu.
     7 | D:1      | Escaped the Abyss
    55 | D:1      | Reached skill level 1 in Stealth
   388 | D:1      | Reached XP level 2. HP: 14/16 MP: 4/4
   549 | D:1      | Reached skill level 2 in Stealth
   582 | D:1      | HP: 6/16 [hobgoblin/club (5)]
   854 | D:1      | HP: 8/16 [giant cockroach (2)]
  1282 | D:1      | Reached skill level 3 in Short Blades
  1423 | D:2      | Found a radiant altar of Vehumet.
  1503 | D:2      | HP: 8/16 [kobold (2)]
  1681 | D:2      | Reached skill level 3 in Stealth
  1691 | D:2      | Reached XP level 3. HP: 19/19 MP: 5/5
  1736 | D:2      | HP: 8/19 [worm (7)]
  1950 | D:2      | HP: 9/19 [bullfrog zombie (2)]
  2150 | D:2      | Found a blossoming altar of Fedhas.
  2391 | D:2      | HP: 9/19 [adder (2)]
  2607 | D:2      | HP: 9/19 [bullfrog zombie (1)]
  2941 | D:2      | HP: 6/19 [worm (5)]
  3359 | D:3      | HP: 8/19 [worm (11)]
  3582 | D:3      | Reached skill level 4 in Stealth
  3663 | D:1      | HP: 9/19 [poisoned by a goblin]
  3668 | D:1      | HP: 7/19 [poisoned by a goblin]
  3676 | D:1      | HP: 6/19 [poisoned by a goblin]
  3985 | D:2      | HP: 5/19 [bullfrog zombie (5)]
  4357 | D:2      | Reached skill level 4 in Short Blades
  4357 | D:2      | Reached XP level 4. HP: 15/23 MP: 6/6
  4477 | D:2      | HP: 11/23 [poisoned by an adder]
  4482 | D:1      | HP: 8/23 [poisoned by an adder]
  4490 | D:1      | HP: 7/23 [poisoned by an adder]
  4797 | D:2      | HP: 7/23 [worm (6)]
  5205 | D:3      | Found an opulent altar of Gozag.
  5263 | D:3      | HP: 10/23 [worker ant (6)]
  5268 | D:3      | HP: 5/23 [poisoned by a worker ant]
  5270 | D:3      | HP: 2/23 [poisoned by a worker ant]
  5271 | D:3      | Slain by a worker ant

Vanquished Creatures
  A bullfrog zombie (D:2)
  3 adders (D:2)
  An ooze (D:1)
  A worm (D:3)
  A leopard gecko (D:2)
  4 giant cockroaches
  2 goblins (D:1)
  7 hobgoblins
  4 jackals (D:2)
  A quokka (D:3)
  2 ball pythons
  7 bats
  3 frilled lizards
  4 kobolds
  4 rats
45 creatures vanquished.

Table legend:
 A = Turns spent in this place as a percentage of turns spent in the entire game.
 B = Non-inter-level travel turns spent in this place as a percentage of non-inter-level travel turns spent in the entire game.
 C = Inter-level travel turns spent in this place as a percentage of turns spent in this place.
 D = Turns resting spent in this place as a percentage of non-inter-level travel turns spent in this place.
 E = Turns spent auto-exploring this place as a percentage of non-inter-level travel turns spent in this place.
 F = Non-inter-level travel turns spent in this place divided by the number of levels of this place that you've seen.
                   A       B       C       D       E      F
               +-------+-------+-------+-------+-------+----------------------
         Total | 100.0 | 100.0 |   5.0 |  61.8 |  17.6 | 1252.0
       Dungeon |  99.9 |  99.9 |   5.0 |  61.9 |  17.6 | 1667.0
         Abyss |   0.1 |   0.1 |   0.0 |   0.0 |  28.6 |   7.0
               +-------+-------+-------+-------+-------+----------------------
